Map: Ruins of Seras

Players

COOL - Winner!

  • Race: Protoss Protoss
  • League: Grandmaster

wabbajack

  • Race: Zerg Zerg
  • League: Gold

VOD

Have the link to the VOD?

Description

Time

  • Played on: July 21, 2015, 11:12 p.m.
  • Length: 8:59
Show
View Real Time Build Order
Export as new Build Order

COOL Protoss - Winner!

Build Orders: Nexus First 

Get SALT Encoding   

  12  0:01  Probe  
  13  0:17  Probe  
  14  0:25  Pylon  
  14  0:43  Probe  
  15  0:56  Nexus  
  15  1:00  Probe (Chrono Boost)  
  17  1:11  Probe (Chrono Boost)  
  17  1:18  Gateway  
  17  1:21  Probe (Chrono Boost)  
  18  1:30  Probe (Chrono Boost)  
  18  1:31  Pylon  
  19  1:38  Probe  
  20  1:46  Gateway  
  20  1:50  Assimilator  
  20  1:52  Probe  
  21  2:15  Probe (Chrono Boost), Forge  
  22  2:20  Probe (Chrono Boost)  
  23  2:26  Probe (Chrono Boost)  
  23  2:29  Probe (Chrono Boost)  
  25  2:36  Probe (Chrono Boost)  
  25  2:37  Probe (Chrono Boost)  
  27  2:40  Cybernetics Core  
  26  2:48  Zealot (Chrono Boost)  
  26  2:49  Zealot (Chrono Boost)  
  30  2:56  Photon Cannon  
  30  3:00  Pylon  
  30  3:01  Probe  
  30  3:03  Probe  
  32  3:13  Probe  
  32  3:16  Probe  
  32  3:18  Warp Gate (Chrono Boost)  
  34  3:26  Mothership Core  
  36  3:31  Probe  
  37  3:43  Probe  
  37  3:45  Stalker (Chrono Boost)  
  37  3:47  Zealot (Chrono Boost)  
  42  3:57  Probe x2  
  42  4:13  Zealot x2 (Chrono Boost)  
  44  4:19  Assimilator  
  44  4:21  Probe (Chrono Boost)  
  44  4:22  Gateway  
  44  4:23  Gateway  
  44  4:24  Assimilator  
  46  4:25  Gateway, Pylon  
  46  4:27  Probe (Chrono Boost), Assimilator  
  46  4:31  Probe (Chrono Boost), Photon Cannon  
  47  4:35  Probe (Chrono Boost)  
  49  4:38  Probe  
  49  4:45  Probe  
  49  4:50  Probe  
  51  4:53  Pylon, Photon Cannon  
  51  4:58  Probe  
  52  5:12  Pylon  
  52  5:22  Twilight Council  
  52  5:23  Zealot x2  
  52  5:24  Stalker, Zealot  
  52  5:27  Stalker  
  62  5:35  Photon Cannon  
  62  5:37  Photon Cannon  
  62  5:42  Probe  
  51  5:54  Probe  
  52  6:13  Stalker x5  
  62  6:28  Photon Cannon  
  52  7:00  Stalker  
  52  7:01  Stalker x3  
  40  7:25  Sentry x5  
  50  7:49  Zealot x3  
  50  7:50  Zealot  
  58  8:11  Sentry x3  
  46  8:50  Sentry x2  
  46  8:51  Zealot x3  
Show
View Real Time Build Order
Export as new Build Order

wabbajack Zerg 

Build Orders: Hatch First 

Get SALT Encoding   

  12  0:01  Drone  
  13  0:10  Drone  
  14  0:18  Overlord  
  14  0:25  Extractor  
  14  0:26  Drone  
  15  0:36  Drone x2  
  17  0:54  Hatchery  
  17  0:57  Drone  
  17  1:01  Drone, Extractor  
  17  1:17  Spawning Pool  
  16  1:28  Drone  
  16  1:29  Drone x2  
  19  1:42  Overlord  
  19  1:57  Extractor  
  18  2:04  Zergling x2  
  18  2:06  Zergling x2  
  20  2:12  Metabolic Boost  
  20  2:14  Queen  
  20  2:15  Queen  
  24  2:23  Drone x3  
  27  2:51  Baneling Nest, Drone x2  
  26  2:52  Drone x3  
  26  2:56  Pneumatized Carapace  
  31  3:02  Overlord  
  31  3:34  Roach Warren  
  31  3:36  Spine Crawler  
  31  3:37  Spine Crawler, Zergling x2  
  31  3:38  Zergling x10  
  31  3:39  Zergling x2  
  32  4:59  Baneling x4  
  32  5:09  Zergling x4  
  32  5:10  Zergling x2  
  32  5:12  Zergling x2  
  32  5:13  Zergling x4  
  38  5:19  Overlord x3  
  38  5:22  Roach Warren  
  36  5:43  Drone x2  
  36  5:44  Drone x2  
  36  5:46  Roach  
  36  5:47  Roach x8  
  54  5:50  Lair  
  53  6:00  Baneling  
  53  6:02  Baneling  
  53  6:14  Overlord  
  53  6:15  Overlord  
  53  6:20  Drone x6  
  53  6:21  Overlord x3  
  53  6:22  Evolution Chamber  
  51  7:06  Zergling x4  
  51  7:07  Zergling x24  
  50  7:28  Drone, Hydralisk Den  
  36  7:50  Drone  
  36  7:51  Drone x3  
  40  7:55  Zergling x2  
  40  7:56  Zergling x18  
  49  8:19  Zergling x8  
  24  8:30  Hydralisk x5  
Tags
 
Add a new tag
Caveats
  • Supply blocks, unpowered buildings, or Contaminate may cause inaccurate times.
  • Supply counts are checked every 10 seconds.